TOP OF THE 1ST |
Hudson Valley Renegades batting - Pitching for Connecticut Tigers : RHP Matt Sturge
|
Pitching: RHP Matt Sturge
|
|
Batting: LHB Dan Hunt
|
0-0: Ball 1-0: Fly out, F5 (Line Drive, 5, EV 76.9 MPH)
|
Batting: RHB Jesse Haddad
|
0-0: Ball 1-0: Ball 2-0: Ball 3-0: Called Strike 3-1: SINGLE (Groundball, 34S, EV 83.1 MPH) (infield hit)
|
Batting: SHB Suljo Dokic
|
0-0: Called Strike 0-1: Ball 1-1: Ball 2-1: Ball 3-1: DOUBLE (Groundball, 5L, EV 103.1 MPH) Jesse Haddad to third Runner from 3rd tries for Home, SAFE, throw by LF to home
|
Batting: LHB Isaac Bamberg
|
0-0: Called Strike 0-1: Ball 1-1: Ball Passed Ball! Suljo Dokic to third 2-1: Fly out, F8 (Flyball, 8RS, EV 81.9 MPH)
|
Batting: RHB Freddy Mullen
|
0-0: Ball 1-0: Ball 2-0: Ball 3-0: Base on Balls
|
Batting: RHB Azedine Kirui
|
0-0: Ball 1-0: Called Strike 1-1: Foul Ball, location: 2F 1-2: Hit by Pitch Freddy Mullen to second
|
Batting: SHB Josif Popovski
|
0-0: Ball 1-0: Ball 2-0: Ball 3-0: Called Strike 3-1: Base on Balls Suljo Dokic scores Freddy Mullen to third Azedine Kirui to second
|
Batting: RHB Khalil Walker
|
0-0: Ball 1-0: Ball 2-0: Called Strike 2-1: Swinging Strike 2-2: Foul Ball, location: 2F 2-2: Ball 3-2: Strikes out looking
|
Top of the 1st over - 2 runs, 2 hits, 0 errors, 3 left on base; Hudson Valley 2 - Connecticut 0 |
BOTTOM OF THE 1ST |
Connecticut Tigers batting - Pitching for Hudson Valley Renegades : RHP Scott Shank
|
Pitching: RHP Scott Shank
|
|
Batting: RHB Mike Sebastian
|
0-0: Called Strike 0-1: Swinging Strike 0-2: Ball 1-2: Strikes out swinging
|
Batting: RHB Eric Angelle
|
0-0: Called Strike 0-1: Foul Ball, location: 2F 0-2: Ball 1-2: Ball 2-2: Strikes out swinging
|
Batting: RHB John Evancho
|
0-0: Called Strike 0-1: Ball 1-1: Ground out 5-3 (Groundball, 56S, EV 64.4 MPH)
|
Bottom of the 1st over - 0 runs, 0 hits, 0 errors, 0 left on base; Hudson Valley 2 - Connecticut 0 |
TOP OF THE 2ND |
Hudson Valley Renegades batting - Pitching for Connecticut Tigers : RHP Matt Sturge
|
Batting: RHB Chris Glavin
|
0-0: Foul Ball, location: 2F 0-1: Foul Ball, location: 2F 0-2: Ground out 5-3 (Groundball, 56S, EV 80.6 MPH)
|
Batting: LHB Dan Hunt
|
0-0: Ball 1-0: Ball 2-0: Foul Ball, location: 2F 2-1: Ball 3-1: Called Strike 3-2: Strikes out swinging
|
Batting: RHB Jesse Haddad
|
0-0: SINGLE (Groundball, 6MD, EV 105.0 MPH)
|
Batting: SHB Suljo Dokic
|
0-0: Called Strike 0-1: Called Strike 0-2: Foul Ball, location: 2F 0-2: Ball 1-2: Ball 2-2: SINGLE (Groundball, 5L, EV 88.8 MPH) (infield hit) Jesse Haddad to second
|
Batting: LHB Isaac Bamberg
|
0-0: 3-RUN HOME RUN (Flyball, 9D, EV 106.2 MPH), Distance : 413 ft
|
Batting: RHB Freddy Mullen
|
0-0: Ball 1-0: SINGLE (Flyball, 9LS, EV 85.0 MPH)
|
Pitching: RHP Juan Murillo
|
|
Batting: RHB Azedine Kirui
|
0-0: Called Strike 0-1: Swinging Strike 0-2: Foul Ball, location: 2F 0-2: Foul Ball, location: 2F 0-2: Foul Ball, location: 2F 0-2: Fielders Choice at 2nd, 6-4 (Groundball, 6, EV 83.1 MPH)
|
Top of the 2nd over - 3 runs, 4 hits, 0 errors, 1 left on base; Hudson Valley 5 - Connecticut 0 |
BOTTOM OF THE 2ND |
Connecticut Tigers batting - Pitching for Hudson Valley Renegades : RHP Scott Shank
|
Batting: SHB Sean Foley
|
0-0: Called Strike 0-1: Ball 1-1: Swinging Strike 1-2: Ball 2-2: Ground out 2-3 (Groundball, 15S, EV 73.8 MPH)
|
Batting: RHB Tommy McDonald
|
0-0: Called Strike 0-1: Foul Ball, location: 2F 0-2: Ball 1-2: Ball 2-2: Ball 3-2: Strikes out swinging
|
Batting: RHB Tanner Purchase
|
0-0: Called Strike 0-1: Foul Ball, location: 2F 0-2: Ball 1-2: Foul Ball, location: 2F 1-2: Strikes out swinging
|
Bottom of the 2nd over - 0 runs, 0 hits, 0 errors, 0 left on base; Hudson Valley 5 - Connecticut 0 |
TOP OF THE 3RD |
Hudson Valley Renegades batting - Pitching for Connecticut Tigers : RHP Juan Murillo
|
Batting: SHB Josif Popovski
|
0-0: Called Strike 0-1: Ground out 3-1 (Groundball, 34, EV 86.9 MPH)
|
Batting: RHB Khalil Walker
|
0-0: Foul Ball, location: 2F 0-1: Ball 1-1: Called Strike 1-2: Ball 2-2: Strikes out looking
|
Batting: RHB Chris Glavin
|
0-0: Ball 1-0: Ground out 4-3 (Groundball, 4M, EV 93.8 MPH)
|
Top of the 3rd over - 0 runs, 0 hits, 0 errors, 0 left on base; Hudson Valley 5 - Connecticut 0 |
BOTTOM OF THE 3RD |
Connecticut Tigers batting - Pitching for Hudson Valley Renegades : RHP Scott Shank
|
Batting: LHB Miguel Bojorquez
|
0-0: Called Strike 0-1: Ball 1-1: Ball 2-1: Called Strike 2-2: Strikes out swinging
|
Batting: RHB Billy Verdusco
|
0-0: Called Strike 0-1: Ball 1-1: Fly out, F4 (Popup, 23, EV 85.0 MPH)
|
Batting: RHB Jeremy Guidone
|
0-0: Ball 1-0: Ground out 6-3 (Groundball, 6, EV 100.6 MPH)
|
Bottom of the 3rd over - 0 runs, 0 hits, 0 errors, 0 left on base; Hudson Valley 5 - Connecticut 0 |
TOP OF THE 4TH |
Hudson Valley Renegades batting - Pitching for Connecticut Tigers : RHP Juan Murillo
|
Batting: LHB Dan Hunt
|
0-0: Called Strike 0-1: Foul Ball, location: 2F 0-2: Ball 1-2: Foul Ball, location: 2F 1-2: Ball 2-2: Ground out U3 (Groundball, 34, EV 108.8 MPH)
|
Batting: RHB Jesse Haddad
|
0-0: Called Strike 0-1: Ball 1-1: Ball 2-1: Ball 3-1: Base on Balls
|
Batting: SHB Suljo Dokic
|
0-0: Called Strike Jesse Haddad is caught stealing 2nd base 2-6 0-1: Ball 1-1: Foul Ball, location: 2F 1-2: Ball 2-2: Foul Ball, location: 2F 2-2: Foul Ball, location: 2F 2-2: Ball 3-2: Base on Balls
|
Batting: LHB Isaac Bamberg
|
0-0: Ball 1-0: Called Strike 1-1: Foul Ball, location: 2F 1-2: Ball 2-2: Strikes out swinging
|
Top of the 4th over - 0 runs, 0 hits, 0 errors, 1 left on base; Hudson Valley 5 - Connecticut 0 |
BOTTOM OF THE 4TH |
Connecticut Tigers batting - Pitching for Hudson Valley Renegades : RHP Scott Shank
|
Batting: RHB Mike Sebastian
|
0-0: Called Strike 0-1: Ball 1-1: DOUBLE (Line Drive, 9LD, EV 103.8 MPH)
|
Batting: RHB Eric Angelle
|
0-0: Ball 1-0: Ground out 6-3 (Groundball, 56, EV 81.2 MPH)
|
Batting: RHB John Evancho
|
0-0: Foul Ball, location: 2F 0-1: Ball 1-1: Called Strike 1-2: Strikes out swinging
|
Batting: SHB Sean Foley
|
0-0: Called Strike 0-1: Ball 1-1: Foul Ball, location: 2F 1-2: Ball 2-2: Ball 3-2: Ground out 3-1 (Groundball, 13, EV 83.8 MPH)
|
Bottom of the 4th over - 0 runs, 1 hit, 0 errors, 1 left on base; Hudson Valley 5 - Connecticut 0 |
TOP OF THE 5TH |
Hudson Valley Renegades batting - Pitching for Connecticut Tigers : RHP Juan Murillo
|
Batting: RHB Freddy Mullen
|
0-0: Ball 1-0: Foul Ball, location: 2F 1-1: Foul Ball, location: 2F 1-2: Foul Ball, location: 2F 1-2: Ball 2-2: Foul Ball, location: 2F 2-2: Foul Ball, location: 2F 2-2: Foul Ball, location: 2F 2-2: Ball 3-2: DOUBLE (Line Drive, 7LM, EV 101.2 MPH)
|
Pitching: RHP David Esposito
|
|
Batting: RHB Azedine Kirui
|
0-0: Ball 1-0: Ball 2-0: Swinging Strike 2-1: Ground out U3 (Groundball, 3, EV 90.6 MPH) Freddy Mullen to third
|
Batting: SHB Josif Popovski
|
0-0: Called Strike 0-1: SINGLE (Groundball, 6MD, EV 98.1 MPH) Freddy Mullen scores
|
Batting: RHB Khalil Walker
|
0-0: Ball 1-0: Called Strike Josif Popovski steals 2nd, throwing error, E2 Josif Popovski to third 1-1: Ball 2-1: Ball 3-1: SINGLE (Flyball, 89M, EV 92.5 MPH) Josif Popovski scores
|
Batting: RHB Chris Glavin
|
0-0: Ball 1-0: Ball 2-0: Ball 3-0: Foul Ball, location: 2F 3-1: DOUBLE (Flyball, 8LD, EV 103.8 MPH) Khalil Walker to third
|
Batting: LHB Dan Hunt
|
0-0: Foul Ball, location: 2F 0-1: Ball 1-1: Foul Ball, location: 2F 1-2: Foul Ball, location: 2F 1-2: Foul Ball, location: 2F 1-2: Ball Passed Ball! Khalil Walker scores Chris Glavin to third 2-2: Ball 3-2: Strikes out swinging
|
Batting: RHB Jesse Haddad
|
0-0: Foul Ball, location: 2F 0-1: SINGLE (Groundball, 34D, EV 102.5 MPH) Chris Glavin scores
|
Batting: SHB Suljo Dokic
|
0-0: Swinging Strike 0-1: Swinging Strike 0-2: Strikes out swinging
|
Top of the 5th over - 4 runs, 5 hits, 1 error, 1 left on base; Hudson Valley 9 - Connecticut 0 |
BOTTOM OF THE 5TH |
Connecticut Tigers batting - Pitching for Hudson Valley Renegades : RHP Scott Shank
|
Batting: RHB Tommy McDonald
|
0-0: Foul Ball, location: 2F 0-1: Foul Ball, location: 2F 0-2: Foul Ball, location: 2F 0-2: Ball 1-2: Foul Ball, location: 2F 1-2: Ball 2-2: Ball 3-2: Ground out 6-3 (Groundball, 6, EV 75.6 MPH)
|
Batting: RHB Tanner Purchase
|
0-0: Fly out, F8 (Flyball, 8LXD, EV 101.2 MPH)
|
Batting: LHB Miguel Bojorquez
|
0-0: Called Strike 0-1: Ball 1-1: Foul Ball, location: 2F 1-2: Strikes out swinging
|
Bottom of the 5th over - 0 runs, 0 hits, 0 errors, 0 left on base; Hudson Valley 9 - Connecticut 0 |
TOP OF THE 6TH |
Hudson Valley Renegades batting - Pitching for Connecticut Tigers : RHP David Esposito
|
Batting: LHB Isaac Bamberg
|
0-0: Ball 1-0: Swinging Strike 1-1: Ball 2-1: Swinging Strike 2-2: Ball 3-2: Base on Balls
|
Batting: RHB Freddy Mullen
|
0-0: Ball 1-0: Called Strike 1-1: Ball 2-1: Foul Ball, location: 2F 2-2: Strikes out swinging
|
Batting: RHB Azedine Kirui
|
0-0: Ball 1-0: Hit by Pitch Isaac Bamberg to second
|
Pitching: LHP Neil Palazzo
|
|
Batting: SHB Josif Popovski
|
0-0: Ball 1-0: Swinging Strike 1-1: Ball 2-1: Foul Ball, location: 2F 2-2: Grounds into double play, 4-6-3 (Groundball, 34, EV 88.8 MPH)
|
Top of the 6th over - 0 runs, 0 hits, 0 errors, 1 left on base; Hudson Valley 9 - Connecticut 0 |
BOTTOM OF THE 6TH |
Connecticut Tigers batting - Pitching for Hudson Valley Renegades : RHP Scott Shank
|
Batting: RHB Billy Verdusco
|
0-0: Ball 1-0: Called Strike 1-1: Ball 2-1: Fly out, F3 (Line Drive, 3, EV 63.1 MPH)
|
Batting: RHB Jeremy Guidone
|
0-0: Ball 1-0: Ball 2-0: Foul Ball, location: 2F 2-1: DOUBLE (Line Drive, 89M, EV 111.2 MPH)
|
Batting: RHB Mike Sebastian
|
0-0: Ball 1-0: Foul Ball, location: 2F 1-1: Ground out 1-3 (Groundball, 13S, EV 70.6 MPH) Jeremy Guidone to third
|
Batting: RHB Eric Angelle
|
0-0: Called Strike 0-1: Ball 1-1: Swinging Strike 1-2: Ground out 4-3 (Groundball, 13, EV 86.9 MPH)
|
Bottom of the 6th over - 0 runs, 1 hit, 0 errors, 1 left on base; Hudson Valley 9 - Connecticut 0 |
TOP OF THE 7TH |
Hudson Valley Renegades batting - Pitching for Connecticut Tigers : LHP Neil Palazzo
|
Batting: RHB Khalil Walker
|
0-0: Called Strike 0-1: Called Strike 0-2: Ball 1-2: Strikes out swinging
|
Batting: RHB Chris Glavin
|
0-0: Foul Ball, location: 2F 0-1: Foul Ball, location: 2F 0-2: Ball 1-2: Foul Ball, location: 2F 1-2: Foul Ball, location: 2F 1-2: Ball 2-2: Fly out, F6 (Popup, 6M, EV 73.8 MPH)
|
Batting: LHB Dan Hunt
|
0-0: Ball 1-0: Foul Ball, location: 2F 1-1: Ball 2-1: Called Strike 2-2: Foul Ball, location: 2F 2-2: Ball 3-2: Ground out 4-3 (Groundball, 4, EV 108.1 MPH)
|
Top of the 7th over - 0 runs, 0 hits, 0 errors, 0 left on base; Hudson Valley 9 - Connecticut 0 |
BOTTOM OF THE 7TH |
Connecticut Tigers batting - Pitching for Hudson Valley Renegades : RHP Scott Shank
|
Batting: RHB John Evancho
|
0-0: Called Strike 0-1: Ground out 2-3 (Groundball, 2L, EV 63.1 MPH)
|
Batting: SHB Sean Foley
|
0-0: Ball 1-0: Ball 2-0: Ball 3-0: Called Strike 3-1: Foul Ball, location: 2F 3-2: Base on Balls
|
Batting: RHB Tommy McDonald
|
0-0: Ball 1-0: Called Strike 1-1: Ball 2-1: Fielders Choice at 2nd, 6-4 (Groundball, 6, EV 90.6 MPH)
|
Pinch Hitting: RHB Keith Hoffman
|
0-0: Called Strike 0-1: Ball 1-1: Called Strike 1-2: Ball 2-2: Strikes out swinging
|
Bottom of the 7th over - 0 runs, 0 hits, 0 errors, 1 left on base; Hudson Valley 9 - Connecticut 0 |
TOP OF THE 8TH |
Hudson Valley Renegades batting - Pitching for Connecticut Tigers : LHP Neil Palazzo
|
Now in LF: Keith Hoffman
|
|
Pinch Hitting: RHB Mark Richert
|
0-0: Ball 1-0: Ground out 5-3 (Groundball, 56S, EV 66.9 MPH)
|
Pinch Hitting: RHB Greg Grayson
|
0-0: Called Strike 0-1: Hit by Pitch
|
Batting: LHB Isaac Bamberg
|
0-0: Called Strike 0-1: Swinging Strike 0-2: Ball 1-2: Foul Ball, location: 2F 1-2: Strikes out swinging
|
Batting: RHB Freddy Mullen
|
Pickoff Throw to First - Out! 1-3
|
Top of the 8th over - 0 runs, 0 hits, 0 errors, 0 left on base; Hudson Valley 9 - Connecticut 0 |
BOTTOM OF THE 8TH |
Connecticut Tigers batting - Pitching for Hudson Valley Renegades : RHP Scott Shank
|
Now at 1B: Mark Richert
|
|
Now in RF: Jesus Baires
|
|
Batting: LHB Miguel Bojorquez
|
0-0: Swinging Strike 0-1: Ball 1-1: Ball 2-1: Foul Ball, location: 2F 2-2: Ground out 1-3 (Groundball, 15S, EV 70.0 MPH)
|
Pinch Hitting: SHB Adam Weber
|
0-0: Foul Ball, location: 2F 0-1: Ball 1-1: Called Strike 1-2: Foul Ball, location: 2F 1-2: Ball 2-2: Foul Ball, location: 2F 2-2: SINGLE (Groundball, 56D, EV 98.1 MPH)
|
Pitching: RHP Juan Estrella
|
|
Batting: RHB Jeremy Guidone
|
0-0: Foul Ball, location: 2F 0-1: Ball 1-1: Foul Ball, location: 2F 1-2: Foul Ball, location: 2F 1-2: Fielders Choice at 2nd, 1-6 (Groundball, 13S, EV 70.6 MPH)
|
Batting: RHB Mike Sebastian
|
0-0: Called Strike 0-1: Fly out, F8 (Flyball, 89D, EV 89.4 MPH)
|
Bottom of the 8th over - 0 runs, 1 hit, 0 errors, 1 left on base; Hudson Valley 9 - Connecticut 0 |
TOP OF THE 9TH |
Hudson Valley Renegades batting - Pitching for Connecticut Tigers : LHP Neil Palazzo
|
Pitching: LHP Valentin Ciubotariu
|
|
Now at 3B: Adam Weber
|
|
Batting: RHB Freddy Mullen
|
0-0: Swinging Strike 0-1: Foul Ball, location: 2F 0-2: Ball 1-2: Strikes out swinging
|
Batting: RHB Azedine Kirui
|
0-0: Called Strike 0-1: Ball 1-1: Ball 2-1: Foul Ball, location: 2F 2-2: SINGLE (Line Drive, 9S, EV 91.9 MPH)
|
Batting: SHB Josif Popovski
|
0-0: Ball 1-0: Foul Ball, location: 2F 1-1: Swinging Strike 1-2: SINGLE (Line Drive, 9LS, EV 106.9 MPH) Azedine Kirui to second
|
Batting: RHB Khalil Walker
|
0-0: Foul Ball, location: 2F 0-1: Ball 1-1: Swinging Strike 1-2: Strikes out swinging
|
Batting: RHB Chris Glavin
|
0-0: Foul Ball, location: 2F 0-1: Ground out 4-3 (Groundball, 34, EV 87.5 MPH)
|
Top of the 9th over - 0 runs, 2 hits, 0 errors, 2 left on base; Hudson Valley 9 - Connecticut 0 |
BOTTOM OF THE 9TH |
Connecticut Tigers batting - Pitching for Hudson Valley Renegades : RHP Juan Estrella
|
Batting: RHB Eric Angelle
|
0-0: Swinging Strike 0-1: Ball 1-1: Swinging Strike 1-2: Ball 2-2: Ball 3-2: Strikes out swinging
|
Batting: RHB John Evancho
|
0-0: Ball 1-0: Ball 2-0: Ball 3-0: Base on Balls
|
Batting: SHB Sean Foley
|
0-0: Ball 1-0: SINGLE (Groundball, 6MD, EV 101.9 MPH) John Evancho to second
|
Batting: RHB Tommy McDonald
|
0-0: Ball 1-0: Foul Ball, location: 2F 1-1: Fielders Choice at 2nd, 4-6 (Groundball, 4, EV 81.9 MPH) John Evancho to third
|
Batting: RHB Keith Hoffman
|
0-0: Ground out 5-3 (Groundball, 56S, EV 83.8 MPH)
|
Bottom of the 9th over - 0 runs, 1 hit, 0 errors, 2 left on base; Hudson Valley 9 - Connecticut 0 |
|